 Dungeon Crawl Stone Soup version 0.29-a0-911-g88e6f02907 (webtiles) character file.

Game seed: 17031606380688235562

957 nicolae the Chiller (level 7, -3/52 HPs)
             Began as a White Draconian Transmuter on July 26, 2022.
             Slain by a lemure (7 damage)
             ... led by Pikel
             ... on level 5 of the Dungeon.
             The game lasted 00:12:00 (6439 turns).

nicolae the Chiller (White Draconian Transmuter)    Turns: 6439, Time: 00:12:01

Health: -3/52      AC:  6    Str: 16    XL:     7   Next: 91%
Magic:  10/11      EV: 16    Int: 14    God:
Gold:   154        SH:  0    Dex: 17    Spells: 2/12 levels left

rFire   . . .      SeeInvis .     - Unarmed
rCold   + . .      Faith    .   (no shield)
rNeg    . . .      Spirit   .   (body armour unavailable)
rPois   .          Reflect  .   (helmet restricted)
rElec   .          Harm     .   (no cloak)
rCorr   .          Rampage  .   (no gloves)
Will    .....                   (no boots)
Stlth   ++........              o - amulet of the acrobat
HPRegen 0.17/turn               l - +4 ring of evasion
MPRegen 0.12/turn               q - +6 ring of dexterity

@: wereblooded (expiring), hasted, very quick
A: breathe frost, AC +6, unfitting armour, cold resistance 1, cold-blooded,
horns 1, strong 1
a: Breathe Frost


You were on level 5 of the Dungeon.
You visited 1 branch of the dungeon, and saw 5 of its levels.
You also visited: Sewer.

You collected 154 gold pieces.

Inventory:

Missiles
 d - 2 boomerangs
 e - 35 poisoned darts
 n - 4 javelins
 t - a curare-tipped dart
Armour
 h - an orb of light
Jewellery
 f - a +6 ring of intelligence
 l - a +4 ring of evasion (left hand)
 o - an amulet of the acrobat (around neck)
 q - a +6 ring of dexterity (right hand)
Wands
 s - a wand of charming (9)
Scrolls
 c - a scroll of vulnerability {unknown}
 g - a scroll of enchant weapon {unknown}
 i - a scroll of immolation {unknown}
 j - 2 scrolls of fear {unknown}
 m - a scroll of blinking {unknown}
 p - a scroll of poison {unknown}
 y - a scroll of butterflies {unknown}
Potions
 a - a potion of mutation
 b - 2 potions of brilliance
 k - a potion of flight
 u - a potion of invisibility {unknown}
 v - 2 potions of cancellation {unknown}
 w - a potion of magic
 x - a potion of ambrosia {unknown}
 z - a potion of might {unknown}


   Skills:
 - Level 1.1 Fighting
 - Level 1.7 Dodging
 - Level 3.8 Unarmed Combat
 - Level 3.0 Spellcasting
 - Level 5.0 Transmutations
 + Level 5.4 Ice Magic
 - Level 5.0 Poison Magic


You had 2 spell levels left.
You knew the following spells:

 Your Spells              Type           Power      Damage    Failure   Level
a - Beastly Appendage     Tmut           32%        N/A       2%          1
b - Wereblood             Tmut           16%        N/A       4%          2
c - Spider Form           Tmut/Pois      16%        N/A       9%          3
d - Ice Form              Ice/Tmut       16%        N/A       26%         4

Your spell library contained the following spells:

 Spells                   Type           Power      Damage    Failure   Level
 Passwall                 Tmut/Erth      7%         N/A       12%         2
 Apportation              Tloc           4%         N/A       22%         1
 Necrotise                Necr           8%         1d4       22%         1
 Sandblast                Erth           4%         2d4       22%         1
 Summon Small Mammal      Summ           8%         N/A       22%         1
 Call Canine Familiar     Summ           2%         N/A       54%         3
 Confusing Touch          Hex            2%         N/A       54%         3
 Portal Projectile        Hex/Tloc       4%         N/A       54%         3
 Stone Arrow              Conj/Erth      4%         3d7       54%         3
 Leda's Liquefaction      Hex/Erth       1%         N/A       91%         4
 Yara's Violent Unravell  Hex/Tmut       4%         3d4       91%         5
 Enfeeble                 Hex            1%         N/A       100%        7


Dungeon Overview and Level Annotations

Branches:
Dungeon (5/15)              Sewer (visited)
 Temple: D:4-7

Altars:
Elyvilon
Fedhas
Hepliaklqana
Sif Muna
Trog
Uskayaw
Zin

Annotations:
D:5 Pikel


Innate Abilities, Weirdness & Mutations

You can breathe waves of freezing cold which knock back foes.
Your icy white scales are hard. (AC +6)
You cannot fit into any form of body armour.
Your flesh is cold resistant. (rC+)
You are cold-blooded and may be slowed by cold attacks.
You have a pair of small horns on your head.
Your muscles are strong. (Str +4, Int/Dex -1)


Message History

You completely miss the lemure. You claw the lemure.
Your headbutt misses the lemure.
The lemure is lightly wounded.
Pikel closely misses you. The lemure barely misses you. x2
Pikel attacks as you move away! Pikel hits you but does no damage.
You hit Pikel but do no damage. You claw Pikel.
Your tail-slap misses Pikel.
Pikel is heavily wounded.
The lemure hits you. Pikel misses you.
You hit Pikel. Your kick misses Pikel. Your headbutt misses Pikel.
You tail-slap Pikel, but do no damage.
Pikel is severely wounded.
You hit Pikel but do no damage. Your kick misses Pikel.
Your punch misses Pikel.
Pikel is severely wounded.
Pikel closely misses you. The lemure completely misses you.
You closely miss Pikel. You claw Pikel, but do no damage.
Pikel is severely wounded.
Pikel misses you. The lemure barely misses you.
You hit Pikel. Your headbutt misses Pikel.
Pikel is severely wounded.
Your primal bloodlust is almost over.
Pikel barely misses you. The lemure barely misses you. x2
You hit Pikel.
Pikel is almost dead.
The lemure barely misses you.
Pikel hits you with a +0 whip of electrocution.
The lemure barely misses you. The lemure hits you.
* * * LOW HITPOINT WARNING * * *
It was a potion of haste.
You feel yourself speed up. The lemure completely misses you.
Pikel completely misses you. The lemure closely misses you.
The lemure hits you.
* * * LOW HITPOINT WARNING * * *
You closely miss Pikel. You headbutt Pikel, but do no damage.
Your tail-slap misses Pikel.
You punch Pikel.
Pikel is almost dead.
Your talons disappear.
The lemure hits you but does no damage. The lemure hits you!
* * * LOW HITPOINT WARNING * * *
Pikel closely misses you. The lemure hits you!
You die...

.......#..# #
.....#..######
#...#.....[..
#...#........
.+...'..##..##
#####.#...#..##..##
.....#...#........
##'###..##........
#####+##@5.##..##..##..##
.......K55.........#####
......†.5...........#
##....##............#
##### #...........##
#....#..##..# #....####
.... ####.# ..8 ### .⌠


You could see Pikel and 4 lemures.

Vanquished Creatures
  Blork the orc (D:4)
  2 kobold brigands (Sewer)
  A howler monkey (D:4)
  A quasit (Sewer)
  2 orc priests
  Jessica (D:3)
  Natasha (twice) (D:3)
  3 orc wizards (D:4)
  7 adders
  4 gnolls (D:2)
  A river rat (D:4)
  5 shadow imps (Sewer)
  4 ufetubi (Sewer)
  3 worms
  2 dart slugs
  12 orcs
  4 bats
  A bat zombie (Sewer)
  9 endoplasms
  3 giant cockroaches
  6 goblins
  5 hobgoblins
  11 jackals
  7 quokkas
  7 ball pythons
  4 frilled lizards
  19 kobolds
  A kobold zombie (Sewer)
  7 rats
135 creatures vanquished.

Vanquished Creatures (others)
  Grinder (Sewer)
  An endoplasm (Sewer)
  A plant (D:3)
3 creatures vanquished.

Grand Total: 138 creatures vanquished

Notes
Turn   | Place    | Note
-------+----------+-------------------------------------------
     0 | D:1      | nicolae the Draconian Transmuter began the quest for the
                  | Orb.
     0 | D:1      | Reached XP level 1. HP: 16/16 MP: 3/3
   333 | D:1      | Reached XP level 2. HP: 19/23 MP: 5/5
   336 | D:1      | Learned a level 2 spell: Wereblood
  1049 | D:2      | Reached XP level 3. HP: 26/28 MP: 2/6
  1157 | D:2      | Reached XP level 4. HP: 21/35 MP: 4/7
  1739 | D:2      | Learned a level 4 spell: Ice Form
  2300 | D:3      | Found a hazy altar of Hepliaklqana.
  2405 | D:3      | Noticed Jessica
  2413 | D:3      | Killed Jessica
  2414 | D:3      | Reached skill level 5 in Transmutations
  2414 | D:3      | Reached skill level 1 in Poison Magic
  2447 | D:3      | Found a shimmering blue altar of Sif Muna.
  2455 | D:3      | Found a blossoming altar of Fedhas.
  2531 | D:3      | Reached XP level 5. HP: 40/40 MP: 6/8
  2625 | D:3      | Found a white marble altar of Elyvilon.
  2649 | D:3      | Noticed Natasha
  2653 | D:3      | Found a bloodstained altar of Trog.
  2656 | D:3      | Killed Natasha
  3039 | D:3      | Found a glowing silver altar of Zin.
  3039 | D:3      | Found a hide-covered altar of Uskayaw.
  3077 | D:3      | Noticed Natasha
  3086 | D:3      | Killed Natasha
  3173 | D:3      | Found a faded altar of an unknown god.
  3295 | D:4      | Found a glowing drain.
  3312 | Sewer    | Entered a sewer
  3426 | Sewer    | Reached XP level 6. HP: 46/47 MP: 9/9
  3711 | Sewer    | Found a burning altar of Makhleb.
  4100 | Sewer    | Reached skill level 5 in Poison Magic
  4384 | Sewer    | Noticed Grinder
  4404 | Sewer    | Paralysed by Grinder for 5 turns
  4416 | Sewer    | Killed Grinder
  4417 | Sewer    | Your scales start taking on an icy white colour.
  4417 | Sewer    | Reached XP level 7. HP: 47/52 MP: 9/11
  4417 | Sewer    | Gained mutation: Your flesh is cold resistant. (rC+) [White
                  | Draconian growth]
  4421 | Sewer    | Learned a level 3 spell: Spider Form
  4592 | Sewer    | Reached skill level 1 in Ice Magic
  4835 | D:4      | Gained mutation: You have a pair of large horns on your
                  | head. [potion of mutation]
  4835 | D:4      | Gained mutation: Your muscles are strong. (Str +4, Int/Dex
                  | -1) [potion of mutation]
  5827 | D:4      | Noticed Blork the orc
  5840 | D:4      | Killed Blork the orc
  5841 | D:4      | Reached skill level 5 in Ice Magic
  6364 | D:5      | Entered Level 5 of the Dungeon
  6418 | D:5      | Noticed Pikel
  6439 | D:5      | Slain by a lemure

Illustrated notes

Levels and vault maps discovered:
D:1:      dpeg_arrival_shelter, layout_loops_ring
D:2:      layout_loops_cross, minmay_misc_feat_square
D:3:      layout_basic, mainiacjoe_overflow_surrounded_room,
          nicolae_hepliaklqana_hazy_memory, bloody_trog,
          nicolae_elyvilon_peaceful_grove,
          chequers_temple_overflow_statue_of_worship,
          hellmonk_ecumenical_altar_inner_sanctum, uniq_natasha, uniq_jessica
D:4:      layout_basic, cheibrodos_sewer_entry_sluice, uniq_blork_the_orc
D:5:      layout_gridville, nicolae_qazlal_scattered_showers,
          minmay_temple_entry_drinking_statues, uniq_pikel,
          uniq_crazy_yiuf_cottage

Skill      XL: |  1  2  3  4  5  6  7 |
---------------+----------------------+-----
Transmutations | 3 4 5 |  5.0
Poison Magic   | 1 3 5 |  5.0
Spellcasting   | 3 |  3.0
Ice Magic      | 5 |  5.4
Fighting       | |  1.1
Dodging        | |  1.7
Unarmed Combat | |  3.8

Action                   |  1- 3 |  4- 6 |  7- 9 || total
-------------------------+-------+-------+-------++-------
Melee: Unarmed           |    62 |   230 |   144 ||   436
       Kick              |    14 |    51 |    37 ||   102
       Tailslap          |     5 |    25 |    17 ||    47
       Punch             |     1 |     4 |     4 ||     9
       Headbutt          |     4 |    30 |    25 ||    59
Throw: Dart              |     5 |       |       ||     5
 Cast: Beastly Appendage |    13 |    29 |    10 ||    52
       Wereblood         |     3 |     4 |     4 ||    11
 Abil: Breathe Frost     |       |       |     3 ||     3
  Use: Scroll            |     2 |     3 |       ||     5
       Potion            |       |     1 |     5 ||     6
 Stab: Sleeping          |       |     3 |       ||     3
       Distracted        |       |       |     2 ||     2
Armor: Skin              |    20 |    79 |    60 ||   159
Dodge: Dodged            |    30 |   184 |   141 ||   355

Table legend: (Time is in decaauts)
 A = Elapsed time spent in this place.
 B = Non-inter-level travel time spent in this place.
 C = Inter-level travel time spent in this place.
 D = Time resting spent in this place.
 E = Time spent auto-exploring this place.
 F = Levels seen in this place.
 G = Mean time per level.
                   A        B        C        D        E       F      G
               +--------+--------+--------+--------+--------+-----+--------+
         Total |   6431 |   6302 |    129 |   1795 |   3442 |   6 | 1071.8 |
       Dungeon |   4939 |   4810 |    129 |   1134 |   2923 |   5 |  987.8 |
         Sewer |   1491 |   1491 |      0 |    661 |    519 |   1 | 1491.0 |
               +--------+--------+--------+--------+--------+-----+--------+

Top non-repeatable levels by time:
     D:4: 1630 daAuts
   Sewer: 1491 daAuts
     D:2: 1167 daAuts
     D:1: 1036 daAuts
     D:3: 1032 daAuts
     D:5: 72 daAuts
